 Dungeon Crawl Stone Soup version 0.27-a0-681-g0c81a3c1c3 (webtiles) character file.

Game seed: 11374701940554168410

63 JPVeigar the Sneak (level 3, 0/16 HPs)
             Began as a Spriggan Enchanter on Mar 19, 2021.
             Slain by a hobgoblin
             ... wielding a +0 club
             ... led by Robin
              (9 damage)
             ... on level 2 of the Dungeon.
             The game lasted 00:04:57 (2003 turns).

JPVeigar the Sneak (Spriggan Enchanter)             Turns: 2003, Time: 00:04:58

Health: 0/16       AC:  2    Str:  4    XL:     3   Next: 87%
Magic:  1/8        EV: 18    Int: 17    God:
Gold:   33         SH:  0    Dex: 15    Spells: 4/7 levels left

rFire    . . .     SeeInvis +   a - +1 dagger
rCold    . . .     Faith    .   (shield restricted)
rNeg     . . .     Spirit   .   b - +0 robe
rPois    .         Reflect  .   (helmet restricted)
rElec    .         Harm     .   (no cloak)
rCorr    .         Rampage  .   (gloves unavailable)
Will     .....                  (boots unavailable)
Stlth    +++.......             (no amulet)
HPRegen  0.05/turn              (no ring)
MPRegen  0.11/turn              (no ring)

@: very quick
A: very small, no large weapons, unfitting armour, see invisible, speed 3
a: no special abilities


You were on level 2 of the Dungeon.
You visited 1 branch of the dungeon, and saw 2 of its levels.

You collected 33 gold pieces.

Inventory:

Hand Weapons
 a - a +1 dagger (weapon)
Armour
 b - a +0 robe (worn)
Scrolls
 d - a scroll of random uselessness
 f - a scroll of silence {unknown}
 g - a scroll of identify {unknown}
Potions
 c - a potion of invisibility {unknown}
 e - a potion of lignification {unknown}


   Skills:
 - Level 1.1 Short Blades
 + Level 3.4 Dodging
 * Level 5.9 Stealth
 - Level 2.6 Spellcasting
 * Level 4.6 Hexes


You had 4 spell levels left.
You knew the following spells:

 Your Spells              Type           Power      Damage    Failure   Level
a - Corona                Hex            18%        N/A       2%          1
b - Ensorcelled Hibernat  Hex/Ice        20%        N/A       11%         2

Your spell library contained the following spells:

 Spells                   Type           Power      Damage    Failure   Level
 Confusing Touch          Hex            17%        N/A       9%          3
 Tukima's Dance           Hex            17%        N/A       9%          3
 Dazzling Flash           Conj/Hex       20%        N/A       22%         3


Dungeon Overview and Level Annotations

Branches:
Dungeon (2/15)

Altars:

Annotations:
D:2 Robin


Innate Abilities, Weirdness & Mutations

You are very small and have problems with some larger weapons.
You are too small for most types of armour.
You have supernaturally acute eyesight. (SInv)
You cover ground extremely quickly. (Speed+++)


Message History

Robin says, "My goblins will feast on your bones."
Robin throws the goblin at you! The goblin completely misses you.
Casting: Ensorcelled Hibernation (safe; 11% risk of failure)
Confirm with . or Enter, or press ? or * to list all spells.
Aiming: Ensorcelled Hibernation (safe; 11% risk of failure)
Press: ? - help, Shift-Dir - straight line, f - goblin
Aim: a goblin, wielding a +0 club (strong, chance to affect: 59%)
The goblin resists with significant effort.
You hit the goblin.
The goblin is severely wounded.
You hit the goblin.
You kill the goblin!
The bat hits you.
You hit the bat.
The bat is moderately wounded.
The bat hits you but does no damage. The bat closely misses you.
The bat closely misses you.
Robin roars a battlecry!
The hobgoblin goes into a battle-frenzy!
The bat closely misses you.
You closely miss the bat.
The bat is moderately wounded.
The bat barely misses you. The bat closely misses you.
You hit the bat.
You kill the bat!
Casting: Ensorcelled Hibernation (safe; 11% risk of failure)
Confirm with . or Enter, or press ? or * to list all spells.
Aiming: Ensorcelled Hibernation (safe; 11% risk of failure)
Press: ? - help, Shift-Dir - straight line, f - hobgoblin
Aim: a hobgoblin, wielding a +0 club (strong, chance to affect: 59%)
The hobgoblin resists with significant effort.
You hit the hobgoblin.
The hobgoblin is moderately wounded.
The hobgoblin closely misses you.
You hit the hobgoblin.
The hobgoblin is severely wounded.
The hobgoblin hits you with a +0 club!
Ouch! That really hurt!
You die...

#g#)#### #b#....#
### #.#....#
.....#####.#.#..#
...gggbg.gg#g#..#
...g########g#..#
. #..#.#..#
#..#g#..#
#..#@#†.#
#..#.#..#
#..#....#
#..####.#
#.....#.#
##.##.#.#
##.##.#.#
#...#...# ###
#.#####.#


You could see Robin and 2 hobgoblins.

Vanquished Creatures
  An ooze (D:1)
  A dart slug (D:1)
  3 leopard geckos (D:1)
  2 giant cockroaches
  5 goblins
  3 hobgoblins (D:2)
  10 jackals
  A quokka (D:1)
  7 bats
  11 frilled lizards
  2 kobolds (D:1)
  4 rats (D:1)
50 creatures vanquished.

Notes
Turn   | Place    | Note
-------+----------+-------------------------------------------
     0 | D:1      | JPVeigar the Spriggan Enchanter began the quest for the
                  | Orb.
     0 | D:1      | Reached XP level 1. HP: 9/9 MP: 5/5
   188 | D:1      | Reached XP level 2. HP: 13/13 MP: 4/6
   191 | D:1      | Learned a level 2 spell: Ensorcelled Hibernation
   423 | D:1      | Reached skill level 5 in Stealth
  1013 | D:1      | Reached XP level 3. HP: 16/16 MP: 8/8
  1963 | D:2      | Noticed Robin
  2003 | D:2      | Slain by a hobgoblin

Illustrated notes

Levels and vault maps discovered:
D:1:      dpeg_arrival_stonehenge_8_columns, layout_basic, minmay_statues_item,
          nrook_campfire, st_stairs_7
D:2:      layout_basic, lemuel_doored_altar, nzn_hepliaklqana_mist_gate,
          minmay_lizard_pond, uniq_robin

Skill      XL: |  1  2 |
---------------+-------+-----
Dodging        | 3 |  3.4
Hexes          | 4 |  4.6
Stealth        | 5 |  5.9
Short Blades   | |  1.1
Spellcasting   | |  2.6

Action                   || total
-------------------------++-------
Melee: Dagger            ||   128
 Cast: Corona            ||     5
       Ensorcelled Hiber ||    30
  Use: Scroll            ||     1
 Stab: Sleeping          ||    29
Armor: Robe              ||    11
Dodge: Dodged            ||    86

Table legend: (Time is in decaauts)
 A = Elapsed time spent in this place.
 B = Non-inter-level travel time spent in this place.
 C = Inter-level travel time spent in this place.
 D = Time resting spent in this place.
 E = Time spent auto-exploring this place.
 F = Levels seen in this place.
 G = Mean time per level.
                   A        B        C        D        E       F      G
               +--------+--------+--------+--------+--------+-----+--------+
         Total |   1548 |   1528 |     20 |    116 |   1041 |   2 |  774.0 |
       Dungeon |   1548 |   1528 |     20 |    116 |   1041 |   2 |  774.0 |
               +--------+--------+--------+--------+--------+-----+--------+

Top non-repeatable levels by time:
     D:1: 1242 daAuts
     D:2: 305 daAuts
